 Dungeon Crawl Stone Soup version 0.31-a0-167-g1c394c0614 (webtiles) character file.

Game seed: 10383886131772200618

5908 mopl the Covert (level 10, -3/48 HPs)
             Began as a Vine Stalker Enchanter on June 14, 2023.
             Was a Believer of Kikubaaqudgha.
             Slain by a killer bee (7 damage)
             ... on level 9 of the Dungeon.
             The game lasted 00:14:07 (6768 turns).

mopl the Covert (Vine Stalker Enchanter)            Turns: 6768, Time: 00:14:09

Health: -3/48      AC:  5    Str: 10    XL:     10   Next: 82%
Magic:  0/21       EV: 11    Int: 28    God:    Kikubaaqudgha [**....]
Gold:   470        SH:  5    Dex: 16    Spells: 10/23 levels left

rFire   + . .        a - +4 dagger
rCold   + . .        w - +0 buckler
rNeg    + . .        b - +0 robe
rPois   +            n - +0 helmet {Int+3}
rElec   +            C - scarf {shadows}
rCorr   +            (no gloves)
SInv    .            N - +1 pair of boots
Will    +....        p - amulet of the acrobat
Stlth   ++++         t - ring of positive energy
HPRegen 1.08/turn    F - +6 ring of intelligence
MPRegen 0.17/turn

%: acrobat, guardian spirit
@: lethally poisoned (-3 -> -5), resistant
A: fangs 3, regeneration 1, magic shield, antimagic bite, no potion heal 2
a: Renounce Religion, Unearth Wretches


You were on level 9 of the Dungeon.
You worshipped Kikubaaqudgha.
Kikubaaqudgha was pleased with you.
You visited 2 branches of the dungeon, and saw 11 of its levels.

You collected 470 gold pieces.

Inventory:

Hand Weapons
 a - a +4 dagger (weapon)
 o - a +0 rapier
 R - a +0 dagger of pain
 S - a +1 dagger of holy wrath
Missiles
 s - 42 poisoned darts
 y - 4 boomerangs
 Q - 5 javelins
Armour
 b - a +0 robe (worn)
 n - a +0 helmet of intelligence (worn)
 w - a +0 buckler (worn)
 C - a scarf of shadows (worn)
 G - +0 ice dragon scales
 J - +0 acid dragon scales
 N - a +1 pair of boots (worn)
Jewellery
 p - an amulet of the acrobat (around neck)
 t - a ring of positive energy (left hand)
 v - a ring of flight
 F - a +6 ring of intelligence (right hand)
Wands
 r - a wand of flame (37)
 E - a wand of light (13)
 L - a wand of polymorph (15)
Scrolls
 d - 3 scrolls of identify
 e - 3 scrolls of enchant armour {unknown}
 g - 3 scrolls of enchant weapon {unknown}
 k - 2 scrolls of poison {unknown}
 l - 2 scrolls of teleportation {unknown}
 m - a scroll of fog {unknown}
 x - a scroll of vulnerability {unknown}
 A - a scroll of revelation {unknown}
 I - a scroll of fear {unknown}
 K - a scroll of immolation {unknown}
 M - a scroll of noise {unknown}
 O - a scroll of torment {unknown}
 P - a scroll of butterflies
Potions
 c - 2 potions of invisibility
 f - a potion of resistance
 h - 3 potions of heal wounds
 i - 2 potions of attraction {unknown}
 j - a potion of mutation {unknown}
 q - a potion of haste {unknown}
 u - a potion of degeneration {unknown}
 z - 3 potions of brilliance {unknown}
 B - a potion of curing {unknown}
 D - a potion of magic {unknown}
 H - 3 potions of enlightenment {unknown}


   Skills:
 + Level 2.8 Fighting
 + Level 6.1 Short Blades
 + Level 3.3 Throwing
 - Level 1.5 Dodging
 + Level 9.5 Stealth
 - Level 5.0 Shields
 + Level 7.0 Spellcasting
 + Level 7.2 Hexes
 - Level 4.0 Translocations


You had 10 spell levels left.
You knew the following spells:

 Your Spells              Type           Power      Damage    Failure   Level
a - Dazzling Flash        Conj/Hex       60%        N/A       5%          3
b - Ensorcelled Hibernat  Hex/Ice        60%        N/A       2%          2
c - Confusing Touch       Hex            50%        N/A       1%          3
d - Tukima's Dance        Hex            50%        N/A       1%          3
e - Blink                 Tloc           64%        N/A       2%          2

Your spell library contained the following spells:

 Spells                   Type           Power      Damage    Failure   Level
 Lesser Beckoning         Tloc           64%        N/A       2%          2
 Momentum Strike          Conj/Tloc      42%        3d9       4%          2
 Necrotise                Necr           36%        1d5       8%          1
 Sting                    Tmut/Pois      36%        1d4       8%          1
 Cigotuvi's Dreadful Rot  Necr/Pois/Air  18%        N/A       12%         2
 Poisonous Vapours        Pois/Air       18%        N/A       12%         2
 Sublimation of Blood     Necr           9%         N/A       12%         2
 Vampiric Draining        Necr           9%         2d6       22%         3
 Olgreb's Toxic Radiance  Pois           9%         N/A       58%         4


Dungeon Overview and Level Annotations

Branches:
Dungeon (10/15)            Temple (1/1) D:6            Lair (0/5) D:9
    Orc: D:9-12

Altars:
Ashenzari
Dithmenos
Elyvilon
Hepliaklqana
Kikubaaqudgha
Makhleb
Nemelex Xobeh
Okawaru
Ru
Sif Muna
Trog
Uskayaw
Vehumet
Wu Jian
Xom
Yredelemnul
Zin

Shops:
D:9 (

Annotations:
D:9 3 runed translucent doors


Innate Abilities, Weirdness & Mutations

You have razor-sharp teeth.
Your natural rate of healing is unusually fast.
When hurt, damage is shared between your health and your magic reserves.
Your bite disrupts and absorbs the magic of your enemies.
Potions cannot restore your health.


Message History

You feel sick. The killer bee completely misses you.
The killer bee attacks as you move away!
The killer bee stings you.
You feel sick. The killer bee closely misses you.
Casting: Ensorcelled Hibernation (safe; 2% risk of failure)
Confirm with . or Enter, or press ? or * to list all spells.
Aiming: Ensorcelled Hibernation (safe; 2% risk of failure)
Press: ? - help, Shift-Dir - straight line, f - killer bee
Aim: a killer bee (chance to affect: 68%)
The killer bee struggles to resist.
The killer bee buzzes angrily.
You feel sick.
You are no longer poisoned.
You hear an angry buzzing noise.
The kobold hits you with a +0 short sword of venom.
You are poisoned.
The killer bee stings you.
* * * LOW HITPOINT WARNING * * *
You are more poisoned.
The killer bee poisons you! The killer bee misses you.
Unknown command.
It was a potion of heal wounds.
That seemed strangely inert.
You feel very sick. The killer bee closely misses you.
The killer bee barely misses you. You block the kobold's attack.
You block the killer bee's attack. The killer bee closely misses you.
As you read the scroll labelled RIURAO ULOEMIO, it crumbles to dust.
It is a scroll of identify.
P - a scroll of butterflies You feel very sick.
The killer bee misses you.
The killer bee stings you but does no damage.
The killer bee completely misses you. The killer bee closely misses you.
It was a potion of resistance.
You feel protected.
You feel sick. You block the killer bee's attack.
The killer bee closely misses you. The killer bee stings you.
* * * LOW HITPOINT WARNING * * *
The killer bee stings you!
You die...
Kikubaaqudgha rasps: "You have failed me!
Welcome... death!"

###################
..................#
####.........[.[†.#
#..##########..#
#..# #..# #..# #@y#
#..# #yy# #..#
#KK####
#..##########y....#
.~............#
~~......†.....#
~≈≈~..~≈~.....#
≈~≈≈~)~y≈~....#
..~≈~≈≈~≈~~..##


You could see 4 killer bees and 2 kobolds.

Vanquished Creatures
  Urug (D:10)
  Maurice (D:8)
  Grinder (D:5)
  Eustachio (D:5)
  A wyvern (D:9)
  4 steam dragons
  2 water moccasins
  Edmund (D:5)
  An orc warrior (D:7)
  An ice beast (D:6)
  A black bear (D:4)
  An ogre (D:5)
  A wolf (D:9)
  6 centaurs
  2 kobold brigands
  3 bullfrogs
  2 scorpions (D:5)
  4 wights
  5 killer bees (D:9)
  10 howler monkeys
  An electric eel (D:9)
  8 hounds
  A gnoll bouda (D:8)
  An orc priest (D:9)
  Crazy Yiuf (D:3)
  A sleepcap (D:6)
  2 iguanas
  8 orc wizards
  3 gnolls (D:8)
  6 adders
  2 shadow imps (D:6)
  3 white imps
  An ufetubus (D:6)
  2 worms
  2 dart slugs
  18 orcs
  4 ball pythons
  5 endoplasms
  A giant cockroach (D:1)
  10 goblins
  6 hobgoblins
  4 jackals (D:1)
  5 quokkas
  8 bats
  3 frilled lizards
  11 kobolds
  7 rats
173 creatures vanquished.

Vanquished Creatures (collateral kills)
  Joseph (D:7)
  Maggie (D:7)
  3 wights
  2 goblins (D:8)
7 creatures vanquished.

Vanquished Creatures (others)
  3 dancing weapons (D:9)
  A wight (D:9)
  A kobold (D:6)
5 creatures vanquished.

Grand Total: 185 creatures vanquished

Notes
Turn   | Place    | Note
-------+----------+-------------------------------------------
     0 | D:1      | mopl the Vine Stalker Enchanter began the quest for the
                  | Orb.
     0 | D:1      | Reached XP level 1. HP: 9/9 MP: 4/4
    20 | D:1      | Reached skill level 1 in Short Blades
    75 | D:1      | Reached XP level 2. HP: 12/13 MP: 4/6
    83 | D:1      | Learned a level 2 spell: Ensorcelled Hibernation
   249 | D:1      | Reached skill level 4 in Stealth
   433 | D:1      | Reached XP level 3. HP: 16/16 MP: 7/7
   437 | D:1      | Learned a level 3 spell: Confusing Touch
  1022 | D:2      | Gained mutation: Your natural rate of healing is unusually
                  | fast. [Vine Stalker growth]
  1022 | D:2      | Reached XP level 4. HP: 21/21 MP: 9/9
  1026 | D:2      | Learned a level 3 spell: Tukima's Dance
  1643 | D:3      | Reached skill level 2 in Short Blades
  1780 | D:3      | Found a runed translucent door.
  1781 | D:3      | Noticed Crazy Yiuf
  1815 | D:3      | Reached skill level 3 in Spellcasting
  2024 | D:3      | Found a shimmering altar of Xom.
  2025 | D:3      | Found a hazy altar of Hepliaklqana.
  2026 | D:3      | Noticed a spectral ugly thing
  2147 | D:3      | Killed Crazy Yiuf
  2148 | D:3      | Reached XP level 5. HP: 24/24 MP: 10/10
  2368 | D:4      | Noticed a black bear
  2372 | D:4      | Killed a black bear
  2373 | D:4      | Reached skill level 5 in Stealth
  2373 | D:4      | Reached skill level 1 in Shields
  2373 | D:4      | Reached skill level 4 in Hexes
  2373 | D:4      | Reached XP level 6. HP: 28/28 MP: 10/12
  2452 | D:4      | Noticed a steam dragon
  2455 | D:4      | Killed a steam dragon
  2495 | D:4      | You are sucked into a shaft and drop 3 floors!
  2531 | D:7      | Reached skill level 3 in Short Blades
  2531 | D:7      | Reached skill level 2 in Shields
  2531 | D:7      | Reached XP level 7. HP: 21/32 MP: 6/13
  2608 | D:7      | Reached skill level 4 in Spellcasting
  2679 | D:7      | Reached skill level 6 in Stealth
  2732 | D:7      | Reached skill level 5 in Hexes
  2746 | D:6      | Noticed a steam dragon
  2748 | D:6      | Killed a steam dragon
  2749 | D:6      | Gained mutation: You have razor-sharp teeth. [Vine Stalker
                  | growth]
  2749 | D:6      | Reached XP level 8. HP: 36/36 MP: 15/15
  2752 | D:6      | Found a staircase to the Ecumenical Temple.
  2762 | Temple   | Entered the Ecumenical Temple
  2810 | Temple   | Became a worshipper of Kikubaaqudgha
  2854 | D:6      | Reached skill level 3 in Shields
  3025 | D:5      | Entered Level 5 of the Dungeon
  3045 | D:5      | Reached skill level 4 in Short Blades
  3502 | D:5      | Reached skill level 7 in Stealth
  3502 | D:5      | Reached skill level 5 in Spellcasting
  3506 | D:5      | Learned a level 3 spell: Dazzling Flash
  3509 | D:5      | Learned a level 2 spell: Blink
  3601 | D:5      | Found a hide-covered altar of Uskayaw.
  3607 | D:5      | Noticed Eustachio
  3616 | D:5      | Killed Eustachio
  3617 | D:5      | Reached skill level 1 in Translocations
  3669 | D:5      | Noticed Edmund
  3677 | D:5      | Killed Edmund
  3705 | D:5      | Found a radiant altar of Vehumet.
  3715 | D:5      | Reached XP level 9. HP: 39/39 MP: 6/18
  3758 | D:5      | Noticed Grinder
  3768 | D:5      | Killed Grinder
  3769 | D:5      | Reached skill level 4 in Shields
  3769 | D:5      | Reached skill level 6 in Hexes
  3769 | D:5      | Reached skill level 2 in Translocations
  4255 | D:6      | Reached skill level 8 in Stealth
  4307 | D:6      | Reached * piety under Kikubaaqudgha
  4307 | D:6      | Received a gift from Kikubaaqudgha
  4411 | D:6      | Found a bloodstained altar of Trog.
  4434 | D:6      | Found an ornate altar of the Wu Jian Council.
  4436 | D:6      | Found a broken altar of Ashenzari.
  4438 | D:6      | Found a sacrificial altar of Ru.
  4441 | D:6      | Found a faded altar of an unknown god.
  4721 | D:7      | Noticed Maggie
  4746 | D:7      | Reached skill level 5 in Short Blades
  4826 | D:7      | Reached skill level 1 in Throwing
  4826 | D:7      | Reached skill level 6 in Spellcasting
  4830 | D:7      | Noticed Joseph
  4848 | D:7      | Killed Maggie
  4849 | D:7      | Reached skill level 3 in Translocations
  4862 | D:7      | Killed Joseph
  5090 | D:8      | Reached XP level 10. HP: 43/44 MP: 18/20
  5181 | D:8      | Reached skill level 1 in Fighting
  5298 | D:7      | Reached ** piety under Kikubaaqudgha
  5299 | D:7      | Reached skill level 2 in Throwing
  5327 | D:8      | Found an iron altar of Okawaru.
  5407 | D:8      | Noticed Maurice
  5413 | D:8      | Killed Maurice
  5492 | D:8      | Reached skill level 5 in Shields
  5535 | D:8      | Found a white marble altar of Elyvilon.
  5630 | D:8      | Found a glowing silver altar of Zin.
  6150 | D:9      | Reached skill level 9 in Stealth
  6159 | D:9      | Found a runed translucent gate.
  6159 | D:9      | Found a runed translucent gate.
  6159 | D:9      | Found a runed translucent gate.
  6159 | D:9      | Noticed a brown ugly thing
  6159 | D:9      | Noticed a purple ugly thing
  6159 | D:9      | Noticed a red ugly thing
  6159 | D:9      | Noticed a brown ugly thing
  6193 | D:10     | Entered Level 10 of the Dungeon
  6220 | D:10     | Noticed Urug
  6292 | D:10     | Killed Urug
  6293 | D:10     | Reached skill level 2 in Fighting
  6293 | D:10     | Reached skill level 7 in Hexes
  6293 | D:10     | Reached skill level 4 in Translocations
  6373 | D:9      | Reached skill level 3 in Throwing
  6410 | D:9      | Reached skill level 6 in Short Blades
  6442 | D:9      | Found a basalt altar of Yredelemnul.
  6442 | D:9      | Found a burning altar of Makhleb.
  6585 | D:9      | Found Kinwaihi's Weapon Shoppe.
  6696 | D:9      | Found a staircase to the Lair.
  6698 | D:9      | Reached skill level 7 in Spellcasting
  6768 | D:9      | Slain by a killer bee

Illustrated notes

Levels and vault maps discovered:
D:1:      minmay_arrival_semitransparent, layout_basic, hangedman_feature_mirror
D:2:      layout_loops_cross
D:3:      layout_basic, regret_index_temple_of_mockery, uniq_crazy_yiuf_cottage
D:4:      layout_basic, kennysheep_decorative_pillar
D:5:      layout_basic, lemuel_doored_altar, mainiacjoe_overflow_paths,
          uniq_edmund, uniq_eustachio, uniq_grinder
D:6:      layout_loops_ring, chequers_temple_overflow_minitemple,
          minmay_temple_entry_junction
D:7:      layout_basic, uniq_maggie, uniq_joseph
D:8:      layout_gridville, mainiacjoe_overflow_alcove_2,
          kennysheep_okawaru_gauntlet, elyvilon_altar_1, uniq_maurice
D:9:      layout_long_grid, amethyst_overflow_temple_binary,
          mainiacjoe_overflow_cross_hatched, erik_lair_island,
          ploomutoo_gammafunk_ghost_potion_laboratory, serial_shops, shop,
          uniq_amaemon
D:10:     cheibrodos_orc_bank, layout_basic, david_orc_2,
          gammafunk_ghost_wrathful_warriors, nicolae_elemental_shop,
          minmay_gold_behind_fungi, nicolae_figureground_pulse, uniq_urug
Temple:   hellmonk_temple_beads

Skill      XL: |  1  2  3  4  5  6  7  8  9 10 |
---------------+-------------------------------+-----
Short Blades   | 1 2 3 4 5 6 |  6.1
Stealth        | 4 5 6 7 8 9 |  9.5
Spellcasting   | 3 4 5 6 7 |  7.0
Shields        | 1 2 3 4 5 |  5.0
Hexes          | 4 5 6 7 |  7.2
Translocations | 1 3 4 |  4.0
Throwing       | 1 3 |  3.3
Fighting       | 2 |  2.8
Dodging        | |  1.5

Action                     |  1- 3 |  4- 6 |  7- 9 | 10-12 || total
---------------------------+-------+-------+-------+-------++-------
  Melee: Dagger            |   102 |    89 |   240 |   179 ||   610
         Bite              |    22 |    25 |    91 |    47 ||   185
   Cast: Ensorcelled Hiber |     3 |     4 |    22 |    30 ||    59
         Tukima's Dance    |       |     1 |    11 |     8 ||    20
         Confusing Touch   |       |       |     3 |     1 ||     4
         Dazzling Flash    |       |       |     1 |       ||     1
    Use: Potion            |       |       |       |     2 ||     2
         Scroll            |       |       |       |     1 ||     1
   Stab: Sleeping          |     6 |    15 |    19 |    20 ||    60
         Distracted        |     2 |       |       |       ||     2
         Confused          |       |       |     3 |       ||     3
         Invisible         |       |       |     2 |       ||     2
 Armour: Robe              |    17 |    13 |    37 |    30 ||    97
  Dodge: Dodged            |    59 |    43 |   115 |   105 ||   322
  Block: Buckler           |       |    16 |    70 |    47 ||   133

Table legend: (Time is in decaauts)
 A = Elapsed time spent in this place.
 B = Non-inter-level travel time spent in this place.
 C = Inter-level travel time spent in this place.
 D = Time resting spent in this place.
 E = Time spent auto-exploring this place.
 F = Levels seen in this place.
 G = Mean time per level.
                   A        B        C        D        E       F      G
               +--------+--------+--------+--------+--------+-----+--------+
         Total |   6680 |   6361 |    319 |    179 |   4253 |  11 |  607.3 |
       Dungeon |   6593 |   6313 |    280 |    179 |   4212 |  10 |  659.3 |
        Temple |     87 |     48 |     39 |      0 |     41 |   1 |   87.0 |
               +--------+--------+--------+--------+--------+-----+--------+

Top non-repeatable levels by time:
     D:8: 1089 daAuts
     D:3: 860 daAuts
     D:6: 793 daAuts
     D:7: 736 daAuts
     D:1: 731 daAuts
     D:4: 670 daAuts
     D:2: 646 daAuts
     D:9: 468 daAuts
     D:5: 451 daAuts
    D:10: 143 daAuts
  Temple: 87 daAuts
